 Dungeon Crawl Stone Soup version 0.23-a0-270-gab6feb3 (webtiles) character file.

497 Illumine the Chopper (level 6, -6/52 HPs)
             Began as a Minotaur Fighter on Oct 1, 2018.
             Splashed by Ijyb's acid (12 damage)
             ... on level 3 of the Dungeon.
             The game lasted 00:04:42 (2039 turns).

Illumine the Chopper (Minotaur Fighter)             Turns: 2039, Time: 00:04:44

Health: -6/52      AC: 11    Str: 20      XL:     6   Next: 93%
Magic:  5/5        EV:  7    Int:  5      God:
Gold:   148        SH:  9    Dex:  6 (7)  Spells: 5/5 levels left

rFire    . . .     SeeInvis .   a - +0 war axe
rCold    + . .     Gourm    .   c - +0 shield
rNeg     . . .     Faith    .   b - +0 scale mail
rPois    .         Spirit   .   (helmet unavailable)
rElec    .         Reflect  .   i - +0 cloak
rCorr    .         Harm     .   d - +1 pair of gloves of Jasuad {rC+ Regen+ Dex-3 Stlth+}
MR       .....                  (no boots)
Stlth    +.........             (no amulet)
HPRegen  0.00/turn              (no ring)
MPRegen  0.09/turn              (no ring)

@: no status effects
A: retaliatory headbutt, horns 3, deterioration 1, inhibited regeneration, weak
1
a: no special abilities


You were on level 3 of the Dungeon.
You were not hungry.

You visited 1 branch of the dungeon, and saw 4 of its levels.

You collected 148 gold pieces.

Inventory:

Hand Weapons
 a - a +0 war axe (weapon)
 k - a cursed -3 war axe
Armour
 b - a +0 scale mail (worn)
 c - a +0 shield (worn)
 d - the +1 pair of gloves of Jasuad (worn) {rC+ Regen+ Dex-3 Stlth+}
   (You found it on level 4 of the Dungeon)

   It affects your dexterity (-3).
   It protects you from cold.
   It increases your rate of regeneration.
   It makes you more stealthy.
 i - a +0 cloak (worn)
Scrolls
 h - a scroll of remove curse
Potions
 e - a potion of cancellation {unknown}
 j - a potion of curing
Comestibles
 f - 2 rations
 g - 3 chunks of flesh


   Skills:
 - Level 3.9 Fighting
 * Level 7.3 Axes
 + Level 6.0 Armour
 - Level 4.0 Shields


You had 5 spell levels left.
You didn't know any spells.
Your spell library was empty.

Dungeon Overview and Level Annotations

Branches:
Dungeon (4/15)
 Temple: D:4-7

Altars:
Makhleb

Annotations:
D:3 Ijyb
D:4 Robin


Innate Abilities, Weirdness & Mutations

You reflexively headbutt those who attack you in melee.
You have a pair of large horns on your head.
Your body sometimes deteriorates upon taking damage.
You do not regenerate when monsters are visible.
You are weak. (Str -2)


Message History

You closely miss Ijyb.
Ijyb is heavily wounded.
Ijyb no longer looks unusually strong.
Ijyb hits you but does no damage.
Your shield and scale mail prevent you from hitting Ijyb.
Ijyb is heavily wounded.
Ijyb hits you but does no damage.
You hit Ijyb. Your headbutt misses Ijyb.
Ijyb is severely wounded.
Ijyb zaps a wand.
The bolt of acid hits you!
You are splashed with acid!
The acid burns!
You closely miss Ijyb.
Ijyb is severely wounded.
You block Ijyb's attack.
You closely miss Ijyb. Your headbutt misses Ijyb.
Ijyb is severely wounded.
Ijyb screams, "I dance on your bones!" You block Ijyb's attack.
Ijyb zaps a wand.
The bolt of acid hits you!
* * * LOW HITPOINT WARNING * * *
You are splashed with acid!
The acid burns!
You die...

###### #g)..#
+@...+ #....#
#....#
####+#.+....#
#......#....#
+......#....#
#...)..#....#
#......##'###
#......##.#


You could see Ijyb.

Vanquished Creatures
  A sky beast (D:3)
  A phantom (D:4)
  A bullfrog (D:4)
  3 hounds (D:4)
  Crazy Yiuf (D:4)
  A worker ant (D:4)
  A hound skeleton (D:4)
  4 adders
  A worm (D:4)
  A dart slug (D:1)
  6 orcs (D:4)
  2 ball pythons (D:4)
  5 bats
  3 giant cockroaches
  5 goblins
  2 hobgoblins (D:1)
  3 jackals (D:1)
  2 quokkas
  3 frilled lizards
  4 kobolds (D:1)
  4 rats
54 creatures vanquished.

Notes
Turn   | Place    | Note
-------+----------+-------------------------------------------
     0 | D:1      | Illumine the Minotaur Fighter began the quest for the Orb.
     0 | D:1      | Reached XP level 1. HP: 19/19 MP: 0/0
   201 | D:1      | Reached XP level 2. HP: 24/27 MP: 1/1
   313 | D:1      | Reached skill level 3 in Axes
   751 | D:2      | Reached XP level 3. HP: 28/33 MP: 2/2
  1036 | D:3      | Noticed a sky beast
  1045 | D:3      | HP: 1/33 [sky beast (6)]
  1052 | D:3      | Killed a sky beast
  1052 | D:3      | Reached skill level 5 in Axes
  1052 | D:3      | Reached XP level 4. HP: 5/40 MP: 3/3
  1052 | D:3      | Reached XP level 5. HP: 5/46 MP: 4/4
  1334 | D:4      | Got a pair of steaming gloves
  1344 | D:4      | Identified the +1 pair of gloves of Jasuad {rC+ Regen+
                  | Dex-3 Stlth+} (You found it on level 4 of the Dungeon)
  1412 | D:4      | Gained mutation: You do not regenerate when monsters are
                  | visible. [potion of mutation]
  1412 | D:4      | Gained mutation: You are weak. (Str -2) [potion of
                  | mutation]
  1412 | D:4      | Gained mutation: Your body sometimes deteriorates upon
                  | taking damage. [potion of mutation]
  1412 | D:4      | Gained mutation: You have a pair of large horns on your
                  | head. [potion of mutation]
  1427 | D:4      | Found a burning altar of Makhleb.
  1435 | D:4      | Reached skill level 5 in Armour
  1455 | D:4      | Reached skill level 6 in Axes
  1456 | D:4      | Reached XP level 6. HP: 32/52 MP: 5/5
  1500 | D:4      | Found a runed door.
  1504 | D:4      | Noticed Crazy Yiuf
  1518 | D:4      | Killed Crazy Yiuf
  1791 | D:4      | Reached skill level 7 in Axes
  1963 | D:4      | Noticed Ijyb
  1963 | D:4      | Noticed Robin
  2039 | D:3      | Splashed by Ijyb's acid

Vault maps used:
D:1:      sevenhm_arrival_forest_fort_small_5
D:2:      uniq_terence
D:3:      gammafunk_temple_overflow_wave, first_ration, uniq_natasha,
          uniq_grinder
D:4:      makhleb_heckhound_becter, serial_glass, glass_columns_b,
          glass_columns_a, glass_columns_a, glass_columns_a, glass_columns_c,
          uniq_ijyb, uniq_robin, uniq_crazy_yiuf_cottage

Skill      XL: |  1  2  3  4  5  6 |
---------------+-------------------+-----
Axes           | 3 5 6 7 |  7.3
Shields        | 4 |  4.0
Armour         | 4 5 6 |  6.0
Fighting       | |  3.9

Action                   |  1- 3 |  4- 6 || total
-------------------------+-------+-------++-------
Melee: War axe           |    97 |   108 ||   205
       Headbutt          |    10 |    10 ||    20
  Use: Potion            |     2 |     1 ||     3
       Scroll            |       |     2 ||     2
  Eat: Ration            |       |     1 ||     1
       Chunk             |       |     1 ||     1
Armor: Scale mail        |    48 |    47 ||    95
Dodge: Dodged            |    29 |    35 ||    64
Block: Shield            |    64 |    51 ||   115

Table legend:
 A = Non-vault XP
 B = Vault XP
 C = Vault XP percentage of total XP
 D = Non-vault monster count
 E = Vault monster count
 F = Vault count percentage of total count
                 A         B        C        D         E       F
            +---------+---------+-------+---------+---------+-------
      Total |     617 |      93 |  13.1 |      48 |       6 |  11.1
            +---------+---------+-------+---------+---------+-------
        D:1 |      35 |       0 |   0.0 |      20 |       0 |   0.0
        D:2 |      17 |       0 |   0.0 |       4 |       0 |   0.0
        D:3 |     160 |       2 |   1.2 |       4 |       1 |  20.0
        D:4 |     405 |      91 |  18.3 |      20 |       5 |  20.0
            +---------+---------+-------+---------+---------+-------
